 Dungeon Crawl Stone Soup version 0.16.1-2-g95b8d4c (webtiles) character file.

489 Chiseanne the Shield-Bearer (level 7, -1/55 HPs)
             Began as a Formicid Fighter on Mar 26, 2015.
             Slain by an ogre
             ... wielding a +0 giant club
              (7 damage)
             ... on level 5 of the Dungeon.
             The game lasted 00:11:30 (3414 turns).

Chiseanne the Shield-Bearer (Formicid Fighter)      Turns: 3414, Time: 00:11:30

Health: -1/55      AC: 15    Str: 20    XL:     7   Next: 36%
Magic:  9/9        EV:  6    Int:  8    God:
Gold:   231        SH: 10    Dex: 14    Spells: 0 memorised, 6 levels left

rFire  + . .     SeeInvis +     a - +0 war axe
rCold  . . .     Clarity  .     c - +5 chain mail {rF+}
rNeg   . . .     SustAb   .     l - +0 shield
rPois  .         Gourm    .     (helmet unavailable)
rElec  .         Spirit   .     (no cloak)
rCorr  .         Warding  .     (no gloves)
rMut   .         Stasis   +     (no boots)
MR     .....                    (no amulet)
Stlth  ..........               g - +2 ring of dexterity
                                h - ring of stealth

@: not resistant to hostile enchantments, extremely unstealthy
A: permanent stasis, dig shafts and tunnels, four strong arms, antennae 3
a: Dig, Shaft Self


You were on level 5 of the Dungeon.
You were not hungry.

You visited 1 branch of the dungeon, and saw 5 of its levels.

You collected 231 gold pieces.

Inventory:

Hand weapons
 a - a +0 war axe (weapon)
Missiles
 i - a throwing net (quivered)
 k - 20 sling bullets
 p - 8 curare-tipped needles
 q - 7 sling bullets of frost
 y - 27 poisoned needles
 A - 23 bolts
Armour
 c - a +5 chain mail of fire resistance (worn)
 l - a +0 shield (worn)
Jewellery
 g - a +2 ring of dexterity (right hand)
 h - a ring of stealth (left hand)
Scrolls
 b - a scroll of fog
 v - a scroll of magic mapping
 z - 2 scrolls of remove curse {unknown}
 B - a scroll of recharging {unknown}
Potions
 e - 2 potions of might
 f - a potion of resistance
 j - 3 potions of restore abilities
 o - a potion of ambrosia {unknown}
 r - a potion of mutation {unknown}
 s - a potion of cancellation {unknown}
 t - a potion of brilliance {unknown}
 u - a potion of haste {unknown}
 w - 2 potions of heal wounds {unknown}
 x - a potion of invisibility {unknown}
Books
 n - a book of Control

   Spells                             Type                      Level
   a - Control Teleport               Charms/Translocation         4
   b - Control Undead                 Necromancy                   4
   c - Enslavement                    Hexes                        4
   d - Metabolic Englaciation         Hexes/Ice                    5
   e - Mass Confusion                 Hexes                        6
Comestibles
 d - 6 bread rations
 m - a meat ration


   Skills:
 + Level 4.4 Fighting
 + Level 4.1 Axes
 * Level 5.6 Armour
 + Level 5.8 Shields


You had 6 spell levels left.
You didn't know any spells.

Dungeon Overview and Level Annotations

Branches:
Dungeon (5/15)
 Temple: D:4-7

Altars:


Innate Abilities, Weirdness & Mutations

You are under a permanent stasis effect.
You can dig through walls and to a lower floor.
Your four strong arms can wield two-handed weapons with a shield.
You have a pair of large antennae on your head (SInv).


Message History

The ogre hits you with a giant club!
You hit the ogre!
The ogre is moderately wounded.
The ogre hits you with a giant club!
You hit the ogre!
The ogre is severely wounded.
You block the ogre's attack.
A worker ant comes into view.
You hit the ogre.
The ogre is severely wounded.
The ogre hits you with a giant club.
* * * LOW HITPOINT WARNING * * *
You hit the ogre.
The ogre is severely wounded.
The ogre hits you with a giant club!
* * * LOW HITPOINT WARNING * * *
You hit the ogre.
The ogre is almost dead.
The ogre hits you with a giant club!
You die...

#######.....#........###
.........................
#######.....#........#
#.....#.##.###.#
#...###.##.# #.... #.##.#
...## #.##.# #. #.##.#
#.##@# ..##O# ####a# ...
#.# #.# #.# #.# #.#


You could see an ogre and a worker ant.

Vanquished Creatures
  A centaur (D:5)
  A crimson imp (D:4)
  2 hounds (D:4)
  A giant frog skeleton (D:4)
  An iguana (D:4)
  3 orc priests (D:4)
  Jessica (D:2)
  Terence (D:2)
  6 adders
  A giant mite (D:4)
  A worm (D:2)
  4 giant geckos
  An ooze (D:4)
  2 orcs (D:4)
  12 bats
  A bat skeleton (D:4)
  A bat zombie (D:5)
  3 giant cockroaches
  8 goblins
  15 hobgoblins
  4 jackals (D:2)
  11 kobolds
  3 ball pythons
  2 giant newts
  7 rats
93 creatures vanquished.

Notes
Turn   | Place    | Note
--------------------------------------------------------------
     0 | D:1      | Chiseanne, the Formicid Fighter, began the quest for the Orb.
     0 | D:1      | Reached XP level 1. HP: 18/18 MP: 1/1
   161 | D:1      | Reached XP level 2. HP: 20/24 MP: 3/3
   610 | D:1      | Reached skill level 4 in Shields
   610 | D:1      | Reached XP level 3. HP: 27/29 MP: 4/4
   820 | D:2      | Noticed Terence
   828 | D:2      | Killed Terence
   959 | D:2      | Noticed Jessica
   964 | D:2      | Killed Jessica
   964 | D:2      | Reached XP level 4. HP: 35/37 MP: 5/5
  1317 | D:2      | Reached XP level 5. HP: 36/42 MP: 7/7
  2376 | D:4      | Reached XP level 6. HP: 38/48 MP: 8/8
  2430 | D:4      | Reached skill level 5 in Shields
  2669 | D:4      | Reached skill level 5 in Armour
  3214 | D:4      | Reached XP level 7. HP: 37/55 MP: 9/9
  3316 | D:5      | Entered Level 5 of the Dungeon
  3414 | D:5      | Slain by an ogre

Action                   |  1- 3 |  4- 6 |  7- 9 || total
-------------------------+-------+-------+-------++-------
Melee: War axe           |    87 |   225 |    34 ||   346
 Abil: Dig               |     2 |     7 |       ||     9
  Use: Scroll            |     4 |     7 |     1 ||    12
  Eat: Chunk             |       |     9 |       ||     9
